 Dungeon Crawl Stone Soup version 0.28.0 (webtiles) character file.

Game seed: 13845450679950212351

184 cowsai the Gusty (level 5, -4/29 HPs)
             Began as a Deep Elf Air Elementalist on Feb 13, 2022.
             Slain by an iguana (13 damage)
             ... on level 3 of the Dungeon.
             The game lasted 00:33:56 (3608 turns).

cowsai the Gusty (Deep Elf Air Elementalist)        Turns: 3608, Time: 00:33:57

Health: -4/29      AC:  3    Str:  7    XL:     5   Next: 36%
Magic:  1/11       EV: 12    Int: 20    God:
Gold:   51         SH:  0    Dex: 15    Spells: 6/10 levels left

rFire   . . .      SeeInvis .   h - +1 dagger (speed)
rCold   . . .      Faith    .   (no shield)
rNeg    . . .      Spirit   .   k - +0 leather armour
rPois   .          Reflect  .   (no helmet)
rElec   .          Harm     .   (no cloak)
rCorr   .          Rampage  .   (no gloves)
Will    .....                   (no boots)
Stlth   ++........              (no amulet)
HPRegen 0.09/turn               (no ring)
MPRegen 0.12/turn               (no ring)

@: very slightly contaminated
A: no striking features
a: no special abilities


You were on level 3 of the Dungeon.
You visited 1 branch of the dungeon, and saw 3 of its levels.

You collected 51 gold pieces.

Inventory:

Hand Weapons
 h - a +1 dagger of speed (weapon)
Missiles
 b - 90 stones (quivered)
 c - 31 bolts
Armour
 a - a +0 robe
 i - a +0 ring mail
 k - a +0 leather armour (worn)
 m - a +0 chain mail
Potions
 d - 2 potions of degeneration {unknown}
 e - 2 potions of curing {unknown}
 f - 2 potions of heal wounds {unknown}
 g - a potion of haste {unknown}


   Skills:
 + Level 1.1 Fighting
 + Level 3.2 Dodging
 - Level 2.4 Stealth
 - Level 3.0 Spellcasting
 + Level 2.1 Conjurations
 - Level 5.2 Air Magic


You had 6 spell levels left.
You knew the following spells:

 Your Spells              Type           Power      Damage    Failure   Level
a - Shock                 Conj/Air       68%        1d7       4%          1
b - Swiftness             Air            24%        N/A       8%          3

Your spell library contained the following spells:

 Spells                   Type           Power      Damage    Failure   Level
 Static Discharge         Conj/Air       17%        N/A       7%          2
 Airstrike                Air            12%        N/A       24%         4
 Petrify                  Tmut/Erth      3%         N/A       91%         4
 Metabolic Englaciation   Hex/Ice        1%         N/A       99%         5
 Statue Form              Tmut/Erth      2%         N/A       100%        6


Dungeon Overview and Level Annotations

Branches:
Dungeon (3/15)

Altars:

Shops:
D:2 [


Message History

The iguana is moderately wounded.
Casting: Shock (safe; 4% risk of failure)
Confirm with . or Enter, or press ? or * to list all spells.
Aiming: Shock (safe; 4% risk of failure)
Press: ? - help, Shift-Dir - straight line, f/p - iguana
Aim: an iguana (moderately wounded, 75% to hit)
The zap hits the iguana.
The iguana is heavily wounded.
Casting: Shock (safe; 4% risk of failure)
Confirm with . or Enter, or press ? or * to list all spells.
Aiming: Shock (safe; 4% risk of failure)
Press: ? - help, Shift-Dir - straight line, f/p - iguana
Aim: an iguana (heavily wounded, 75% to hit)
The zap misses the iguana.
The iguana bites you!
Casting: Shock (safe; 4% risk of failure)
Confirm with . or Enter, or press ? or * to list all spells.
Aiming: Shock (safe; 4% risk of failure)
Press: ? - help, Shift-Dir - straight line, f/p - iguana
Aim: an iguana (heavily wounded, 75% to hit)
The zap hits the iguana.
The iguana is heavily wounded.
The iguana bites you!
* * * LOW HITPOINT WARNING * * *
Unknown command.
Throw: throwing net
Press: ? - help, Q - select action, (/) - cycle Shift-Dir - straight line, f/p - iguana
Aim: an iguana (heavily wounded, 61% to hit)
You throw a throwing net.
The throwing net closely misses the iguana.
The iguana barely misses you.
Casting: Shock (safe; 4% risk of failure)
Confirm with . or Enter, or press ? or * to list all spells.
You don't have enough magic to cast this spell.
You hit the iguana but do no damage.
The iguana is heavily wounded.
The iguana barely misses you.
You hit the iguana but do no damage.
The iguana is heavily wounded.
The iguana bites you!
You die...

.#.# ##... #(..#
#...#
###..†##############
?... ..........##..
#l###########.##.#
#@...# #......
####.# #..#..)
#.#######..#..#
#......##......
######.#..##.#.
#.#.#.....
#.#...#...
##.#######. #...†.#
#.


You could see an iguana.

Vanquished Creatures
  A scorpion (D:3)
  An orc wizard (D:3)
  4 gnolls (D:2)
  An adder (D:2)
  A worm (D:3)
  A dart slug (D:1)
  2 orcs (D:3)
  7 endoplasms
  2 giant cockroaches
  7 hobgoblins
  4 jackals (D:2)
  4 quokkas
  2 bats (D:1)
  3 frilled lizards
  6 kobolds
46 creatures vanquished.

Notes
Turn   | Place    | Note
-------+----------+-------------------------------------------
     0 | D:1      | cowsai the Deep Elf Air Elementalist began the quest for
                  | the Orb.
     0 | D:1      | Reached XP level 1. HP: 10/10 MP: 6/6
   426 | D:1      | Reached XP level 2. HP: 15/15 MP: 5/8
   920 | D:1      | Reached skill level 4 in Air Magic
  1261 | D:2      | Reached XP level 3. HP: 19/19 MP: 6/9
  1515 | D:2      | Reached skill level 5 in Air Magic
  1515 | D:2      | Reached XP level 4. HP: 10/24 MP: 3/10
  1885 | D:1      | Learned a level 3 spell: Swiftness
  2157 | D:2      | Found Huestrunk's Antique Armour Emporium.
  3001 | D:3      | Noticed a scorpion
  3118 | D:3      | Killed a scorpion
  3119 | D:3      | Reached XP level 5. HP: 21/28 MP: 6/11
  3346 | D:3      | Reached skill level 1 in Fighting
  3608 | D:3      | Slain by an iguana

Illustrated notes

Levels and vault maps discovered:
D:1:      evilmike_arrival_rings, layout_loops_ring, minmay_pentomino_s4
D:2:      layout_loops_ring, serial_shops, nicolae_shop_hallway_plus,
          minmay_misc_feat_more_columns, minmay_misc_feat_plants,
          chequers_serial_rivers_large_a
D:3:      layout_basic, glass_columns_a

Skill      XL: |  1  2  3  4  5 |
---------------+----------------+-----
Air Magic      | 4 5 |  5.2
Dodging        | 3 |  3.2
Fighting       | 1 |  1.1
Conjurations   | 2 |  2.1
Stealth        | |  2.4
Spellcasting   | |  3.0

Action                   |  1- 3 |  4- 6 || total
-------------------------+-------+-------++-------
Melee: Dagger            |       |     8 ||     8
Throw: Throwing net      |       |     1 ||     1
 Cast: Shock             |    74 |    56 ||   130
  Use: Scroll            |     1 |     5 ||     6
Armor: Robe              |     5 |     4 ||     9
Dodge: Dodged            |    15 |    11 ||    26
